 Dungeon Crawl Stone Soup version 0.26-a0-113-gd8a95b691d (webtiles) character file.

Game seed: 14005584626063560642

25 MrRokkomies the Vexing (level 3, -1/21 HPs)
             Began as a Kobold Arcane Marksman on June 26, 2020.
             Slain by a worm (6 damage)
             ... on level 2 of the Dungeon.
             The game lasted 00:01:54 (1096 turns).

MrRokkomies the Vexing (Kobold Arcane Marksman)     Turns: 1096, Time: 00:01:55

Health: -1/21      AC:  5    Str:  8    XL:     3   Next: 17%
Magic:  4/4        EV: 13    Int: 14    God:
Gold:   59         SH:  0    Dex: 15    Spells: 3/4 levels left

rFire    . . .     SeeInvis .   a - +0 hand crossbow
rCold    . . .     Faith    .   (shield restricted)
rNeg     . . .     Spirit   .   c - +0 ring mail {rPois}
rPois    +         Reflect  .   (no helmet)
rElec    .         Harm     .   (no cloak)
rCorr    .                      (no gloves)
MR       .....                  (no boots)
Stlth    +.........             (no amulet)
HPRegen  0.07/turn              i - ring of poison resistance
MPRegen  0.09/turn              (no ring)

@: no status effects
A: small, carnivore
a: no special abilities


You were on level 2 of the Dungeon.
You were completely stuffed.

You visited 1 branch of the dungeon, and saw 2 of its levels.

You collected 59 gold pieces.

Inventory:

Hand Weapons
 a - a +0 hand crossbow (weapon)
 b - a +2 dagger of speed
Missiles
 d - 7 bolts (quivered)
Armour
 c - a +0 ring mail of poison resistance (worn)
Jewellery
 i - a ring of poison resistance (left hand)
Scrolls
 g - a scroll of fog
Potions
 h - a potion of mutation
 l - a potion of curing
 m - a potion of cancellation {unknown}
 p - a potion of haste {unknown}
Comestibles
 f - 2 rations


   Skills:
 * Level 2.0 Fighting
 * Level 3.1 Crossbows
 + Level 2.8 Dodging
 - Level 1.1 Spellcasting
 + Level 3.2 Hexes


You had 3 spell levels left.
You knew the following spells:

 Your Spells              Type           Power        Failure   Level  Hunger
a - Corona                Hex            #......      22%         1    ##.....

Your spell library contained the following spells:

 Spells                   Type           Power        Failure   Level  Hunger
 Slow                     Hex            #.......     32%         2    ###....
 Inner Flame              Hex/Fire       #.......     77%         3    ####...
 Portal Projectile        Hex/Tloc       #.....       77%         3    ####...
 Cause Fear               Hex            #.........   91%         4    #####..
 Leda's Liquefaction      Hex/Erth       #.........   99%         4    #####..


Dungeon Overview and Level Annotations

Branches:
Dungeon (2/15)

Altars:


Innate Abilities, Weirdness & Mutations

You are small and have problems with some larger weapons.
You are carnivorous and can eat meat at any time.


Message History

The worm is moderately wounded.
Firing (i - inventory)
d - 11 bolts (quivered)
Press: ? - help, Shift-Dir - straight line, f/p - worm
Aim: a worm (moderately wounded)
You shoot a bolt. The bolt hits the worm!
The worm is severely wounded.
Firing (i - inventory)
d - 10 bolts (quivered)
Press: ? - help, Shift-Dir - straight line, f/p - worm
Aim: a worm (severely wounded)
You shoot a bolt. The bolt barely misses the worm.
Firing (i - inventory)
d - 9 bolts (quivered)
Press: ? - help, Shift-Dir - straight line, f/p - worm
Aim: a worm (severely wounded)
You shoot a bolt. The bolt hits the worm.
The worm is almost dead.
Firing (i - inventory)
d - 8 bolts (quivered)
Press: ? - help, Shift-Dir - straight line, f/p - worm
Aim: a worm (almost dead)
You shoot a bolt. The bolt barely misses the worm.
The worm bites you.
You die...

####################
<(....(..(..(((w@..#
.....##.........##.#
####.##.#######.# #
#.##.# #... #.##.#
####.# #.##.# #
#!##.# ....$#


You could see a worm.

Vanquished Creatures
  2 dart slugs (D:1)
  3 hobgoblins (D:1)
  4 jackals (D:1)
  A quokka (D:2)
  2 bats (D:1)
  2 frilled lizards (D:1)
  2 goblins (D:1)
  3 kobolds (D:1)
19 creatures vanquished.

Notes
Turn   | Place    | Note
-------+----------+-------------------------------------------
     0 | D:1      | MrRokkomies the Kobold Arcane Marksman began the quest for
                  | the Orb.
     0 | D:1      | Reached XP level 1. HP: 12/12 MP: 2/2
   409 | D:1      | Reached XP level 2. HP: 13/16 MP: 3/3
   789 | D:1      | Reached XP level 3. HP: 21/21 MP: 4/4
  1096 | D:2      | Slain by a worm

Illustrated notes

Levels and vault maps discovered:
D:1:      sevenhm_arrival_forest_fort_large_4, layout_basic
D:2:      layout_loops_ring

Skill      XL: |  1  2  3 |
---------------+----------+-----
Crossbows      | 3 |  3.1
Fighting       | 2 |  2.0
Dodging        | |  2.8
Spellcasting   | |  1.1
Hexes          | |  3.2

Action                   || total
-------------------------++-------
Melee: Dagger            ||    89
 Fire: Hand crossbow     ||    15
  Use: Scroll            ||     6
  Eat: Chunk             ||     9
Armor: Ring mail         ||    19
Dodge: Dodged            ||    47

Table legend:
 A = Non-vault XP
 B = Vault XP
 C = Vault XP percentage of total XP
 D = Non-vault monster count
 E = Vault monster count
 F = Vault count percentage of total count
                 A         B        C        D         E       F
            +---------+---------+-------+---------+---------+-------
      Total |      36 |       0 |   0.0 |      19 |       0 |   0.0
            +---------+---------+-------+---------+---------+-------
        D:1 |      34 |       0 |   0.0 |      18 |       0 |   0.0
        D:2 |       2 |       0 |   0.0 |       1 |       0 |   0.0
            +---------+---------+-------+---------+---------+-------
